cohdb
Replays
Latest Replays
All Replays
Popular Replays
Top Player Replays
Match Explorer
How It Works
Community
CoH3 Stats
Reddit
Sign in to upload your games and track your stats! →
Sign in with Steam
Match 41325526
Unlisted
Match 41325526
Overview
Messages
Build Orders
End
Construct Barracks
Engineer Squad
Riflemen Squad
Selects Advanced Infantry Battlegroup
1⁄4-ton 4x4 Truck
Grenade Package
M1 Mortar Team
Selects Convert to Ranger Squad
Construct Weapon Support Center
M1919 Machine Gun Team
Riflemen Squad
Selects Artillery Observers
Artillery Observer Squad
Infantry Support Center
Construct Medical Station
Convert to Ranger Squad
[GG]Onkel Stonkel
[GG]Quiq
Foaly
Hairy Joe
0
0
Comments
sign in to comment!
No comments posted yet!